General information
			
			
        
        - name: BNet
 
        - type: Ladder team game (AT/RT)
 
        - host: Battle.net
 
        - saver: YEAHSHESASSBATS
 
        
map: Cherryville 
        - players: 8
 
        - length: 12:39
 
        - speed: Fast
 - version: 1.22 W3XP
 - replay type:  Public
 
» download(107 KB)
Players
        team 1 (winner) 
              
              
ex.jackazz (
purple | 127 APM | 1611 actions | 12:39)
              
 4 Archmage 
 2 Blizzard
 2 Brilliance Aura
 3 Blood Mage 
 2 Flame Strike
 1 Siphon Mana
 
                » actions 
                
                | Assign group hotkey | 31 |  | 
| Basic commands | 96 |  | 
| Build / train | 55 |  | 
| Enter build submenu | 17 |  | 
| Enter hero's abilities submenu | 7 |  | 
| Give item / drop item | 2 |  | 
| Right click | 616 |  | 
| Select / deselect | 154 |  | 
| Select group hotkey | 568 |  | 
| Use ability | 65 |  | 
                1611 total
 » units 
                
                | Peasant | 19 |  | 
| Footman | 6 |  | 
| Priest | 2 |  | 
| Spell Breaker | 2 |  | 
                29 total
 » upgrades
                » buildings
                
                | Altar of Kings | 1 |  | 
| Barracks | 1 |  | 
| Farm | 6 |  | 
| Scout Tower | 1 |  | 
| Arcane Tower | 1 |  | 
| Arcane Vault | 2 |  | 
| Keep | 1 |  | 
| Lumber Mill | 1 |  | 
| Town Hall | 1 |  | 
| Arcane Sanctum | 2 |  | 
| Blacksmith | 1 |  | 
                18 total
 » build order
                00:10 Altar of Kings
00:20 Barracks
00:34 Farm
01:04 Farm
01:39 Farm
01:47 Scout Tower
02:19 Arcane Tower
02:38 Farm
03:20 Arcane Vault
03:56 Keep
04:35 Farm
05:13 Lumber Mill
05:37 Farm
06:50 Town Hall
07:49 Arcane Vault
08:41 Arcane Sanctum
08:43 Arcane Sanctum
09:49 Blacksmith
» items
                
                | Lesser Clarity Potion | 6 |  | 
| Scroll of Regeneration | 4 |  | 
| Potion of Healing | 1 |  | 
| Potion of Mana | 1 |  | 
| Scroll of Town Portal | 1 |  | 
                13 total
  
               
              
              
» 
Azangamer (
orange | 72 APM | 907 actions | 12:39)
              
 4 Blademaster 
 2 Wind Walk
 2 Critical Strike
 2 Shadow Hunter 
 1 Healing Wave
 1 Hex
 
                » actions 
                
                | Build / train | 53 |  | 
| Enter build submenu | 11 |  | 
| Enter hero's abilities submenu | 6 |  | 
| Remove unit from queue | 2 |  | 
| Right click | 581 |  | 
| Select / deselect | 210 |  | 
| Use ability | 44 |  | 
                907 total
 » units 
                » upgrades
                
                | Pillage | 1 |  | 
| Berserker Strength | 1 |  | 
| Armor | 1 |  | 
| Melee Weapons | 1 |  | 
| Shaman Training | 2 |  | 
| Pulverize | 1 |  | 
                7 total
 » buildings
                
                | Orc Burrow | 3 |  | 
| Altar of Storms | 1 |  | 
| Barracks | 1 |  | 
| Voodoo Lounge | 1 |  | 
| Stronghold | 1 |  | 
| War Mill | 1 |  | 
| Fortress | 1 |  | 
| Great Hall | 1 |  | 
| Spirit Lodge | 1 |  | 
| Tauren Totem | 1 |  | 
                12 total
 » build order
                00:07 Orc Burrow
00:10 Altar of Storms
00:21 Barracks
01:44 Orc Burrow
02:20 Voodoo Lounge
03:59 Stronghold
04:30 Orc Burrow
05:27 War Mill
07:41 Fortress
08:41 Great Hall
08:58 Spirit Lodge
10:03 Tauren Totem
» items
                
                | Healing Salve | 2 |  | 
| Lesser Clarity Potion | 2 |  | 
| Scroll of Town Portal | 2 |  | 
                6 total
  
               
              
              
MeMpHiS_III (
yellow | 72 APM | 914 actions | 12:39)
              
 3 Keeper of the Grove 
 2 Entangling Roots
 1 Thorns Aura
 2 Dark Ranger 
 1 Black Arrow
 1 Life Drain
 1 Goblin Tinker 
 1 Pocket Factory
 
                » actions 
                
                | Assign group hotkey | 18 |  | 
| Basic commands | 71 |  | 
| Build / train | 55 |  | 
| ESC pressed | 1 |  | 
| Enter build submenu | 11 |  | 
| Enter hero's abilities submenu | 6 |  | 
| Remove unit from queue | 1 |  | 
| Right click | 232 |  | 
| Select / deselect | 241 |  | 
| Select group hotkey | 223 |  | 
| Use ability | 55 |  | 
                914 total
 » units 
                
                | Wisp | 16 |  | 
| Huntress | 3 |  | 
| Dryad | 1 |  | 
| Druid of the Claw | 5 |  | 
                25 total
 » upgrades
                
                | Druid of the Claw Training | 2 |  | 
| Abolish Magic | 0 |  | 
| Mark of the Claw | 1 |  | 
                3 total
 » buildings
                
                | Altar of Elders | 1 |  | 
| Moon Well | 5 |  | 
| Hunter's Hall | 1 |  | 
| Ancient of War | 1 |  | 
| Tree of Ages | 3 |  | 
| Ancient of Lore | 2 |  | 
| Tree of Eternity | 2 |  | 
                15 total
 » build order
                00:11 Altar of Elders
00:21 Moon Well
01:23 Hunter's Hall
01:53 Ancient of War
02:04 Moon Well
02:45 Tree of Ages
02:45 Tree of Ages
05:08 Moon Well
05:16 Ancient of Lore
05:18 Ancient of Lore
06:39 Tree of Eternity
08:44 Moon Well
10:00 Moon Well
» items
                 
               
              
              
» 
Shadow_HunterWR (
red | 59 APM | 745 actions | 12:39)
              
 4 Blademaster 
 2 Wind Walk
 2 Critical Strike
 
                » actions 
                
                | Assign group hotkey | 30 |  | 
| Basic commands | 2 |  | 
| Build / train | 31 |  | 
| Enter build submenu | 12 |  | 
| Enter hero's abilities submenu | 4 |  | 
| Right click | 477 |  | 
| Select / deselect | 101 |  | 
| Select group hotkey | 57 |  | 
| Use ability | 31 |  | 
                745 total
 » units 
                » upgrades
                
                | Ranged Weapons | 2 |  | 
| Armor | 2 |  | 
| Shaman Training | 1 |  | 
                5 total
 » buildings
                
                | Altar of Storms | 1 |  | 
| Orc Burrow | 6 |  | 
| War Mill | 1 |  | 
| Stronghold | 1 |  | 
| Beastiary | 2 |  | 
| Voodoo Lounge | 1 |  | 
| Spirit Lodge | 1 |  | 
| Fortress | 1 |  | 
                14 total
 » build order
                00:07 Altar of Storms
00:11 Orc Burrow
00:45 War Mill
02:18 Stronghold
02:22 Orc Burrow
04:16 Orc Burrow
04:41 Beastiary
04:44 Beastiary
04:50 Orc Burrow
08:28 Voodoo Lounge
09:56 Spirit Lodge
11:09 Fortress
11:11 Orc Burrow
12:23 Orc Burrow
» items
                
                | Scroll of Town Portal | 1 |  | 
| Healing Salve | 1 |  | 
| Lesser Clarity Potion | 1 |  | 
                3 total
  
               team 2 (loser) 
              
              
» 
YEAHSHESASSBATS (
teal | 97 APM | 1230 actions | 12:39)
              
 3 Warden 
 2 Shadow Strike
 1 Blink
 
                » actions 
                
                | Assign group hotkey | 24 |  | 
| Basic commands | 68 |  | 
| Build / train | 35 |  | 
| Enter build submenu | 12 |  | 
| Enter hero's abilities submenu | 3 |  | 
| Right click | 504 |  | 
| Select / deselect | 344 |  | 
| Select group hotkey | 193 |  | 
| Use ability | 47 |  | 
                1230 total
 » units 
                » upgrades
                
                | Strength of the Moon | 1 |  | 
| Improved Bows | 1 |  | 
| Abolish Magic | 1 |  | 
                3 total
 » buildings
                
                | Altar of Elders | 1 |  | 
| Moon Well | 4 |  | 
| Ancient of War | 2 |  | 
| Tree of Ages | 1 |  | 
| Hunter's Hall | 1 |  | 
| Ancient of Lore | 2 |  | 
| Ancient of Wonders | 1 |  | 
                12 total
 » build order
                00:05 Altar of Elders
00:08 Moon Well
00:25 Ancient of War
01:37 Moon Well
02:07 Ancient of War
02:49 Moon Well
03:29 Tree of Ages
04:30 Hunter's Hall
05:29 Moon Well
08:36 Ancient of Lore
08:39 Ancient of Lore
10:01 Ancient of Wonders
 
               
              
              
» 
stryk.R (
green | 56 APM | 695 actions | 12:30)
              
 2 Archmage 
 1 Summon Water Elemental
 1 Brilliance Aura
 1 Mountain King 
 1 Bash
 
                » actions 
                
                | Assign group hotkey | 23 |  | 
| Basic commands | 35 |  | 
| Build / train | 44 |  | 
| Enter build submenu | 16 |  | 
| Enter hero's abilities submenu | 3 |  | 
| Right click | 177 |  | 
| Select / deselect | 221 |  | 
| Select group hotkey | 135 |  | 
| Use ability | 41 |  | 
                695 total
 » units 
                
                | Peasant | 13 |  | 
| Footman | 19 |  | 
| Rifleman | 2 |  | 
                34 total
 » upgrades
                » buildings
                
                | Farm | 7 |  | 
| Barracks | 2 |  | 
| Altar of Kings | 1 |  | 
| Scout Tower | 3 |  | 
| Arcane Tower | 3 |  | 
| Guard Tower | 1 |  | 
| Blacksmith | 1 |  | 
                18 total
 » build order
                00:09 Farm
00:40 Barracks
00:53 Altar of Kings
01:10 Farm
01:49 Barracks
02:00 Farm
02:15 Scout Tower
02:39 Farm
02:46 Arcane Tower
02:52 Scout Tower
03:19 Arcane Tower
03:23 Scout Tower
03:26 Farm
04:21 Arcane Tower
04:26 Farm
05:14 Farm
09:05 Guard Tower
09:28 Blacksmith
» items
                 
               
              
              
» 
Got.2.Go.2.Work (
pink | 73 APM | 929 actions | 12:39)
              
 3 Keeper of the Grove 
 2 Entangling Roots
 1 Thorns Aura
 1 Priestess of the Moon 
 1 Scout
 
                » actions 
                
                | Assign group hotkey | 7 |  | 
| Basic commands | 77 |  | 
| Build / train | 74 |  | 
| ESC pressed | 2 |  | 
| Enter build submenu | 24 |  | 
| Enter hero's abilities submenu | 4 |  | 
| Right click | 273 |  | 
| Select / deselect | 260 |  | 
| Select group hotkey | 146 |  | 
| Use ability | 62 |  | 
                929 total
 » units 
                
                | Wisp | 13 |  | 
| Archer | 15 |  | 
| Peasant | 18 |  | 
| Rifleman | 4 |  | 
| Druid of the Talon | 4 |  | 
| Faerie Dragon | 3 |  | 
                57 total
 » upgrades
                
                | Improved Bows | 1 |  | 
| Druid of the Talon Training | 1 |  | 
| Masonry | 1 |  | 
                3 total
 » buildings
                
                | Altar of Elders | 1 |  | 
| Moon Well | 5 |  | 
| Ancient of War | 2 |  | 
| Ancient of Wonders | 1 |  | 
| Tree of Ages | 1 |  | 
| Lumber Mill | 1 |  | 
| Ancient of Wind | 2 |  | 
| Scout Tower | 8 |  | 
| Guard Tower | 4 |  | 
| Farm | 1 |  | 
| Keep | 1 |  | 
                27 total
 » build order
                00:08 Altar of Elders
00:10 Moon Well
00:46 Ancient of War
01:14 Moon Well
01:58 Ancient of War
02:05 Ancient of Wonders
02:19 Moon Well
04:21 Tree of Ages
05:09 Moon Well
05:37 Lumber Mill
06:20 Moon Well
07:13 Ancient of Wind
07:15 Ancient of Wind
08:09 Scout Tower
08:41 Guard Tower
08:42 Scout Tower
08:52 Farm
10:11 Scout Tower
10:42 Scout Tower
10:43 Guard Tower
10:46 Scout Tower
10:47 Scout Tower
11:14 Guard Tower
11:17 Guard Tower
12:23 Keep
12:25 Scout Tower
12:29 Scout Tower
» items
                
                | Potion of Healing | 1 |  | 
| Scroll of Town Portal | 1 |  | 
                2 total
  
               
              
              
nun3sss (
blue | 68 APM | 258 actions | 03:46)
              
 1 Mountain King 
 1 Storm Bolt
 
                » actions 
                
                | Assign group hotkey | 6 |  | 
| Basic commands | 7 |  | 
| Build / train | 18 |  | 
| ESC pressed | 2 |  | 
| Enter build submenu | 8 |  | 
| Enter hero's abilities submenu | 1 |  | 
| Right click | 117 |  | 
| Select / deselect | 42 |  | 
| Select group hotkey | 40 |  | 
| Use ability | 17 |  | 
                258 total
 » units 
                » buildings
                
                | Altar of Kings | 1 |  | 
| Farm | 3 |  | 
| Blacksmith | 1 |  | 
| Barracks | 1 |  | 
| Scout Tower | 1 |  | 
| Arcane Tower | 1 |  | 
                8 total
 » build order
                00:24 Altar of Kings
00:31 Farm
01:00 Blacksmith
01:04 Barracks
01:21 Farm
01:59 Scout Tower
02:30 Arcane Tower
02:32 Farm
 
                Chat log
          (00:18 / Allies) stryk.R: RUSH
(00:26 / Allies) Got.2.Go.2.Work: foots and archers i say
(00:49 / Allies) nun3sss: rifles here
(00:58 / Allies) Got.2.Go.2.Work: one of you need foots 
(02:54 / Allies) nun3sss: help
(03:04 / Allies) Got.2.Go.2.Work: try REPAIRING
(03:07 / Allies) Got.2.Go.2.Work: it really works
(03:08 / Allies) nun3sss: helppp
(03:32 / Allies) YEAHSHESASSBATS: ...
(03:39 / Allies) Got.2.Go.2.Work: stand in his blizzard more
(03:49 / Allies) stryk.R: wtf
(03:52 / Allies) Got.2.Go.2.Work: what a fucking noob
(04:53 / Allies) stryk.R: go
(05:59 / All) Got.2.Go.2.Work: red, tp to purp! save purp red! NOW NOW NOW
(06:42 / Allies) Got.2.Go.2.Work: backup
(06:58 / Allies) Got.2.Go.2.Work: there, he blizzed his own army
(08:43 / Allies) stryk.R: rdy again?
(09:01 / Allies) stryk.R: tp?
(10:26 / Allies) YEAHSHESASSBATS: why do u ping it
(10:29 / Allies) YEAHSHESASSBATS: i can see
(11:58 / Allies) Got.2.Go.2.Work: gg